 Dungeon Crawl Stone Soup version 0.29.1-1-gd02db6906a (webtiles) character file.

Game seed: 15240932851205238862

107 sleeves the Conjurer (level 4, 0/33 HPs)
             Began as a Draconian Hedge Wizard on Sept 16, 2022.
             Killed by nerve-wracking pain
             ... invoked by Grinder
              (14 damage)
             ... on level 2 of the Dungeon.
             The game lasted 00:09:19 (3762 turns).

sleeves the Conjurer (Draconian Hedge Wizard)       Turns: 3762, Time: 00:09:20

Health: 0/33       AC:  6    Str: 12    XL:     4   Next: 56%
Magic:  2/8        EV: 12    Int: 16    God:
Gold:   94         SH:  0    Dex: 11    Spells: 3/9 levels left

rFire   . . .      SeeInvis .   a - +0 dagger
rCold   . . .      Faith    .   (no shield)
rNeg    . . .      Spirit   .   (body armour unavailable)
rPois   .          Reflect  .   b - +0 hat
rElec   .          Harm     .   (no cloak)
rCorr   .          Rampage  .   (no gloves)
Will    .....                   e - +0 pair of boots
Stlth   ++........              (no amulet)
HPRegen 0.11/turn               (no ring)
MPRegen 0.11/turn               (no ring)

@: mighty, on blink cooldown, very slightly contaminated
A: AC +5, unfitting armour, cold-blooded
a: no special abilities


You were on level 2 of the Dungeon.
You visited 1 branch of the dungeon, and saw 3 of its levels.

You collected 94 gold pieces.

Inventory:

Hand Weapons
 a - a +0 dagger (weapon)
Missiles
 p - 3 poisoned darts
Armour
 b - a +0 hat (worn)
 e - a +0 pair of boots (worn)
   (You found it on level 1 of the Dungeon)
Scrolls
 f - 2 scrolls of immolation {unknown}
 h - a scroll of butterflies {unknown}
 l - a scroll of poison {unknown}
 m - 2 scrolls of teleportation {unknown}
 n - 2 scrolls of enchant weapon {unknown}
 o - 5 scrolls of identify {unknown}
 q - a scroll of blinking {unknown}
Potions
 c - 2 potions of magic
 d - 5 potions of lignification {unknown}
 g - a potion of might
 i - 2 potions of heal wounds {unknown}
 j - 2 potions of curing {unknown}
 k - a potion of haste {unknown}


   Skills:
 - Level 1.7 Dodging
 - Level 1.7 Stealth
 - Level 3.0 Spellcasting
 + Level 4.5 Conjurations
 - Level 1.0 Summonings
 - Level 1.0 Translocations


You had 3 spell levels left.
You knew the following spells:

 Your Spells              Type           Power      Damage    Failure   Level
a - Magic Dart            Conj           64%        1d6       3%          1
b - Blink                 Tloc           10%        N/A       19%         2
c - Stone Arrow           Conj/Erth      18%        3d8       22%         3

Your spell library contained the following spells:

 Spells                   Type           Power      Damage    Failure   Level
 Sandblast                Erth           4%         2d4       19%         1
 Slow                     Hex            8%         N/A       19%         1
 Call Imp                 Summ           5%         N/A       19%         2
 Conjure Flame            Conj/Fire      9%         6-21      22%         3
 Passwall                 Tmut/Erth      1%         N/A       28%         2
 Mephitic Cloud           Conj/Pois/Air  7%         N/A       30%         3
 Iskenderun's Battlesphe  Conj           16%        2d7       63%         5
 Iron Shot                Conj/Erth      4%         9d2       100%        6
 Spellforged Servitor     Conj/Summ      5%         N/A       100%        7


Dungeon Overview and Level Annotations

Branches:
Dungeon (3/15)

Altars:

Shops:
D:2 !

Annotations:
D:2 Grinder


Innate Abilities, Weirdness & Mutations

Your plain brown scales are hard. (AC +5)
You cannot fit into any form of body armour.
You are cold-blooded and may be slowed by cold attacks.


Message History

The hobgoblin is heavily wounded.
The magic dart hits the hobgoblin but does no damage.
The hobgoblin is heavily wounded.
* * * LOW MAGIC WARNING * * *
The hobgoblin completely misses you.
You are out of magic!
You hit the hobgoblin but do no damage.
Your tail-slap misses the hobgoblin.
The hobgoblin is heavily wounded.
The hobgoblin hits you.
You closely miss the hobgoblin.
The hobgoblin is heavily wounded.
The hobgoblin closely misses you.
You hit the hobgoblin but do no damage. You tail-slap the hobgoblin.
The hobgoblin is almost dead.
The hobgoblin hits you but does no damage.
You hit the hobgoblin.
You kill the hobgoblin!
Your Conjurations skill increases to level 2!
You open the door.
There is an open door here.
You close the door.
You see here a +0 mace.
You close the door.
You start resting.
HP restored.
You start resting.
Magic restored.
You open the door.
There is an open door here.
You see here a +0 short sword.
The magic dart hits the endoplasm.
The endoplasm is lightly wounded.
Things that are here:
a +0 club; a goblin skeleton
There is an open door here.
The magic dart hits the endoplasm.
The endoplasm is moderately wounded.
You miscast Magic Dart.
You are very lightly contaminated with residual magic.
Nothing appears to happen.
The magic dart hits the endoplasm.
You kill the endoplasm!
You have reached level 2!
You start resting.
Your magical contamination has completely faded away.
You start resting.
Magic restored.
Things that are here:
a +0 club; a goblin skeleton You pick up a book of Geomancy and begin reading...
You add the spells Sandblast, Passwall and Stone Arrow to your library.
You now have 8 gold pieces.
g - a golden potion
Okay, then.
h - a scroll labelled ZAUHAI IBOWK A rat comes into view.
The magic dart hits the rat.
The rat is severely wounded.
The magic dart hits the rat.
You kill the rat!
Magic restored.
A bat comes into view.
A bat is nearby!
The magic dart hits the bat.
The bat is severely wounded.
The magic dart hits the bat.
You kill the bat!
A ball python comes into view.
A ball python is nearby!
A ball python is nearby!
The magic dart hits the ball python.
You kill the ball python!
A jackal is nearby!
Magic restored.
You open the door.
Found 3 stones.
A goblin comes into view. It is wielding a +0 dagger.
Found a viscous white potion.
The goblin shouts!
There is an open door here.
The magic dart hits the goblin.
The goblin is moderately wounded.
The magic dart hits the goblin.
You kill the goblin!
A jackal is nearby!
A jackal is nearby!
You miscast Magic Dart.
You are very lightly contaminated with residual magic.
Nothing appears to happen.
The jackal barks!
You hear a bark!
The magic dart hits the jackal.
The jackal is lightly wounded.
The magic dart hits the jackal.
The jackal is moderately wounded.
You close the door.
You start resting.
Your magical contamination has completely faded away.
You start resting.
Magic restored.
i - a viscous white potion
Found 2 javelins.
Found a stone staircase leading down.
A jackal is nearby!
The magic dart hits the jackal.
The jackal is lightly wounded.
The jackal barks!
The jackal attacks as you move away! The jackal closely misses you.
The jackal attacks as you move away!
The jackal bites you but does no damage. x2
The magic dart hits the jackal.
The jackal is almost dead.
The magic dart hits the jackal.
The jackal is lightly wounded.
You closely miss the jackal. You tail-slap the jackal.
You kill the jackal!
You barely miss the jackal.
The jackal is lightly wounded.
The jackal bites you. The jackal barely misses you.
The magic dart hits the jackal.
The jackal is heavily wounded.
The jackal bites you but does no damage.
You miscast Magic Dart.
You are very lightly contaminated with residual magic.
Nothing appears to happen.
The jackal closely misses you.
The magic dart hits the jackal.
The jackal is almost dead.
The jackal misses you. The jackal closely misses you.
The magic dart hits the jackal.
You kill the jackal!
* * * LOW MAGIC WARNING * * *
Your magical contamination has completely faded away.
HP restored.
Magic restored.
You now have 15 gold pieces (gained 7).
Key pressed, stopping explore.
Found a hand axe.
A jackal is nearby!
A jackal is nearby!
A jackal is nearby!
The magic dart hits the jackal.
The jackal is heavily wounded.
The jackal barks!
The magic dart hits the jackal.
You kill the jackal!
You can't see any susceptible monsters within range! (Use Z to cast anyway.)
A bat comes into view.
Found a viscous white potion.
A bat is nearby!
A bat is nearby!
A bat is nearby!
The magic dart hits the bat.
The bat is moderately wounded.
The magic dart hits the bat.
You kill the bat!
You see here a bat corpse.
An endoplasm comes into view.
The endoplasm moves out of view.
i - 2 viscous white potions (gained 1)
An endoplasm is nearby!
The magic dart hits the endoplasm.
The endoplasm is severely wounded.
The magic dart hits the endoplasm.
You kill the endoplasm!
j - a brown potion
k - a bubbling puce potion You open the door.
There is an open door here.
There is an open door here.
A bat comes into view.
A bat is nearby!
The magic dart hits the bat.
The bat is moderately wounded.
The magic dart hits the bat.
You kill the bat!
You open the door.
A bat comes into view.
A bat is nearby!
A bat is nearby!
The magic dart hits the bat.
You kill the bat!
A goblin comes into view. It is wielding a +0 dagger.
There is an open door here.
You see here a bat corpse.
A goblin is nearby!
A goblin is nearby!
You miscast Magic Dart.
You are very lightly contaminated with residual magic.
Nothing appears to happen.
The magic dart hits the goblin.
You kill the goblin!
You can't see any susceptible monsters within range! (Use Z to cast anyway.)
Your magical contamination has completely faded away.
A frilled lizard comes into view.
A frilled lizard is nearby!
A frilled lizard is nearby!
A frilled lizard is nearby!
The magic dart hits the frilled lizard.
You kill the frilled lizard!
You can't see any susceptible monsters within range! (Use Z to cast anyway.)
f - 2 scrolls labelled ROLOOCK ZUOMA (gained 1)
l - a scroll labelled GUICVO VUAFODIB
Found a stone staircase leading down.
m - a scroll labelled TELIOW CAME
There is a stone staircase leading down here.
A goblin comes into view. It is wielding a +0 club.
Found a scroll labelled TELIOW CAME.
A goblin is nearby!
A goblin is nearby!
The goblin closely misses you.
You completely miss the goblin. The goblin barely misses you.
You barely miss the goblin. You tail-slap the goblin.
The goblin is severely wounded.
The goblin hits you with a +0 club.
You miscast Magic Dart.
You are very lightly contaminated with residual magic.
Nothing appears to happen.
The goblin hits you but does no damage.
A goblin is nearby!
The magic dart hits the goblin.
You kill the goblin!
You can't see any susceptible monsters within range! (Use Z to cast anyway.)
Your magical contamination has completely faded away.
m - 2 scrolls labelled TELIOW CAME (gained 1)
A sourceless malevolence fills the Dungeon...
You fall into a shaft and drop 1 floor!
The shaft crumbles and collapses.
Unknown command.
Unknown command.
Unknown command.
A hobgoblin comes into view.
Found a murky brown potion and a scroll labelled PUHAED EKITEAH.
A hobgoblin is nearby!
The magic dart hits the hobgoblin.
The hobgoblin is lightly wounded.
The hobgoblin shouts!
The magic dart hits the hobgoblin.
You kill the hobgoblin!
You can't see any susceptible monsters within range! (Use Z to cast anyway.)
You start resting.
Magic restored.
d - 2 murky brown potions (gained 1)
n - a scroll labelled PUHAED EKITEAH
Found a scroll labelled CAXOIPH NALLEUQAJ.
o - a scroll labelled CAXOIPH NALLEUQAJ
Found 11 gold pieces.
A worm comes into view.
The magic dart hits the worm.
The worm is moderately wounded.
The magic dart hits the worm.
The worm is moderately wounded.
The magic dart hits the worm.
The worm is moderately wounded.
The magic dart hits the worm.
The worm is heavily wounded.
The magic dart hits the worm.
The worm is heavily wounded.
The magic dart hits the worm.
The worm is severely wounded.
* * * LOW MAGIC WARNING * * *
You are out of magic!
You barely miss the worm.
Your tail-slap misses the worm.
You punch the worm, but do no damage.
The worm is severely wounded.
The worm bites you.
You hit the worm. You tail-slap the worm.
You kill the worm!
Your Conjurations skill increases to level 3!
You start resting.
HP restored.
You start resting.
Magic restored.
You now have 26 gold pieces (gained 11).
Found 14 gold pieces.
A giant cockroach comes into view.
The helpless giant cockroach fails to defend itself.
You hit the giant cockroach.
The giant cockroach is severely wounded.
The giant cockroach barely misses you.
You hit the giant cockroach.
The giant cockroach is almost dead.
The giant cockroach closely misses you.
The giant cockroach bites you but does no damage.
You hit the giant cockroach.
You kill the giant cockroach!
You have reached level 3!
Your experience leads to an increase in your attributes!
Increase (S)trength, (I)ntelligence, or (D)exterity?
You feel clever. x2; Your scales feel tougher.
You now have 40 gold pieces (gained 14).
d - 3 murky brown potions (gained 1)
A bat comes into view.
You see here a scroll labelled CAXOIPH NALLEUQAJ.
A bat is nearby!
A bat is nearby!
The magic dart hits the bat.
You kill the bat!
You can't see any susceptible monsters within range! (Use Z to cast anyway.) Magic restored.
o - 2 scrolls labelled CAXOIPH NALLEUQAJ (gained 1)
A bat comes into view.
A bat is nearby!
The magic dart hits the bat.
The bat is severely wounded.
The bat hits you but does no damage.
The magic dart hits the bat but does no damage.
The bat is severely wounded.
The bat barely misses you.
You miscast Magic Dart.
You are very lightly contaminated with residual magic.
Nothing appears to happen.
The bat barely misses you.
The magic dart hits the bat.
You kill the bat!
Your magical contamination has completely faded away.
A frilled lizard comes into view.
A frilled lizard is nearby!
A frilled lizard is nearby!
The magic dart hits the frilled lizard.
You kill the frilled lizard!
A worm comes into view.
A worm is nearby!
A worm is nearby!
The magic dart hits the worm.
The worm is lightly wounded.
The magic dart hits the worm.
The worm is lightly wounded.
The magic dart hits the worm.
The worm is moderately wounded.
The magic dart hits the worm.
The worm is heavily wounded.
The magic dart hits the worm.
The worm is severely wounded.
The magic dart hits the worm but does no damage.
The worm is severely wounded.
The magic dart hits the worm.
The worm is severely wounded.
* * * LOW MAGIC WARNING * * *
You hit the worm.
The worm is almost dead.
You barely miss the worm.
The worm is almost dead.
The worm bites you but does no damage.
You hit the worm but do no damage. You tail-slap the worm.
You kill the worm!
No target in view!
You see here a worm corpse.
You open the door.
Found a stone staircase leading down.
There is an open door here.
d - 4 murky brown potions (gained 1)
There is a stone staircase leading down here.
You open the door.
There is an open door here.
Found a robe.
You see here a +0 robe.
A ball python comes into view.
You aren't carrying any pieces of jewellery.
Unknown command.
The magic dart hits the ball python.
The ball python is moderately wounded.
The magic dart hits the ball python.
You kill the ball python!
You can't see any susceptible monsters within range! (Use Z to cast anyway.)
You open the door.
Found a stone staircase leading up.
There is an open door here.
You open the door.
A quokka comes into view.
Found an escape hatch in the ceiling.
The magic dart hits the quokka.
The quokka is lightly wounded.
The magic dart hits the quokka.
The quokka is almost dead.
The magic dart hits the quokka.
You kill the quokka!
There is a stone staircase leading up here.
There is an open door here.
Found 3 poisoned darts.
You open the door.
There is an open door here.
There is a stone staircase leading up here.
You climb upwards.
There is a stone staircase leading down here.
As you open the door, it creaks loudly!
There is an open door here.
You open the door.
There is an open door here.
You see here a +0 dagger.
You open the door.
There is an open door here.
Done exploring.
Done exploring.
Done exploring.
Done exploring.
(D) Dungeon
Where to? (Enter - D:2 @ (x,y), ? - help)
There is a stone staircase leading down here.
You climb downwards.
Found 7 gold pieces and 2 stones.
There is a stone staircase leading up here.
You now have 47 gold pieces (gained 7).
There is an escape hatch in the ceiling here.
There is an open door here.
You open the door.
A kobold comes into view. It is wielding a +0 whip.
A kobold is nearby!
A kobold is nearby!
The magic dart hits the kobold.
You kill the kobold!
You can't see any susceptible monsters within range! (Use Z to cast anyway.) Magic restored.
There is an open door here.
You see here a +0 whip.
A ball python comes into view.
A ball python is nearby!
A ball python is nearby!
The magic dart hits the ball python.
You kill the ball python!
You can't see any susceptible monsters within range! (Use Z to cast anyway.)
You see here a ball python corpse.
You see here 3 poisoned darts.
A bat comes into view.
A bat is nearby!
A bat is nearby!
Unknown command.
A bat is nearby!
The magic dart hits the bat.
You kill the bat!
You can't see any susceptible monsters within range! (Use Z to cast anyway.)
Found a ring mail.
A frilled lizard comes into view.
A frilled lizard is nearby!
The magic dart hits the frilled lizard.
You kill the frilled lizard!
n - 2 scrolls labelled PUHAED EKITEAH (gained 1)
An adder and a worm come into view.
There are monsters nearby!
There are monsters nearby!
The magic dart hits the worm.
The worm is lightly wounded.
The magic dart hits the worm.
The worm is moderately wounded.
The magic dart hits the worm.
The worm is moderately wounded.
You miscast Magic Dart.
You are very lightly contaminated with residual magic.
Nothing appears to happen.
The magic dart hits the worm.
The worm is moderately wounded.
The magic dart hits the worm.
The worm is heavily wounded.
The magic dart hits the worm.
The worm is heavily wounded.
* * * LOW MAGIC WARNING * * *
Your magical contamination has completely faded away.
p - 3 poisoned darts You can't see any susceptible monsters within range! (Use Z to cast anyway.)
A worm is nearby!
A worm is nearby!
The magic dart hits the worm.
The worm is lightly wounded.
The magic dart hits the worm.
The worm is moderately wounded.
The magic dart hits the worm.
The worm is moderately wounded.
The magic dart hits the worm.
The worm is moderately wounded.
The magic dart hits the worm.
The worm is heavily wounded.
The magic dart hits the worm.
The worm is severely wounded.
The magic dart hits the worm.
The worm is severely wounded.
* * * LOW MAGIC WARNING * * *
You are out of magic!
You barely miss the worm.
The worm is severely wounded.
The worm bites you.
You hit the worm.
The worm is severely wounded.
The worm closely misses you.
You hit the worm.
Your tail-slap misses the worm.
The worm is almost dead.
You hit the worm.
You kill the worm!
No target in view!
No target in view!
HP restored.
A dart slug comes into view.
Found a book of Power.
A dart slug is nearby!
The magic dart hits the dart slug.
The dart slug is lightly wounded.
The magic dart hits the dart slug.
The dart slug is heavily wounded.
The dart slug launches a dart at you.
The slug dart hits you but does no damage.
The magic dart hits the dart slug.
The dart slug is almost dead.
A dart slug is nearby!
The magic dart hits the dart slug.
You kill the dart slug!
You see here a dart slug corpse.
You pick up a book of Power and begin reading...
You add the spells Iskenderun's Battlesphere, Iron Shot and Spellforged Servitor to your library.
Okay, then.
Memorise Blink, consuming 2 spell levels and leaving 5?
You start memorising the spell.
You continue memorising. x2
You finish memorising.
Spell assigned to 'b'.
This spell is extremely dangerous to cast!
Memorise Stone Arrow, consuming 3 spell levels and leaving 2?
You start memorising the spell.
You continue memorising. x3
You finish memorising.
Spell assigned to 'c'.
Okay, then.
A ball python comes into view.
A ball python is nearby!
A ball python is nearby!
The helpless ball python fails to defend itself.
You puncture the ball python!
You kill the ball python!
A bat comes into view.
A bat is nearby!
A bat is nearby!
The magic dart hits the bat.
The bat is severely wounded.
The magic dart hits the bat.
You kill the bat!
You see here a bat corpse.
q - a scroll labelled SUHIBE ESIATHU An adder comes into view.
An adder is nearby!
You aren't carrying any items that you can evoke.
The magic dart hits the adder but does no damage.
The adder hisses angrily.
The magic dart hits the adder.
The adder is moderately wounded.
The magic dart hits the adder.
The adder is heavily wounded.
The magic dart hits the adder.
The adder is severely wounded.
The adder bites you.
The magic dart hits the adder.
You kill the adder!
j - 2 brown potions (gained 1)
An adder is nearby!
The magic dart hits the adder.
The adder is moderately wounded.
The adder hisses angrily.
The magic dart hits the adder.
The adder is heavily wounded.
The magic dart hits the adder.
The adder is heavily wounded.
You can't see any susceptible monsters within range! (Use Z to cast anyway.)
An adder is nearby!
The magic dart hits the adder.
The adder is almost dead.
The adder bites you.
You are poisoned.
The adder poisons you! The adder barely misses you.
You miscast Magic Dart.
You are very lightly contaminated with residual magic.
Nothing appears to happen.
You feel sick. The adder bites you.
You are more poisoned.
The adder poisons you!
The magic dart hits the adder.
You kill the adder!
You feel sick.
You have reached level 4!
You feel agile.
You feel sick.
You feel sick.
You feel sick.
You feel sick.
You feel sick.
Your magical contamination has completely faded away.
You feel sick.
You feel sick.
You are no longer poisoned.
Found a stone staircase leading up.
r - a staff of air An endoplasm comes into view.
The magic dart hits the endoplasm.
The endoplasm is heavily wounded.
The magic dart hits the endoplasm.
The endoplasm is severely wounded.
The magic dart hits the endoplasm.
You kill the endoplasm!
You can't see any susceptible monsters within range! (Use Z to cast anyway.)
A jackal comes into view.
The jackal barks!
A jackal comes into view.
There are monsters nearby!
There are monsters nearby!
The magic dart hits the jackal.
The jackal is heavily wounded.
The jackal bites you but does no damage.
The jackal attacks as you move away! The jackal bites you.
The magic dart hits the jackal.
The jackal is severely wounded.
The magic dart hits the jackal.
You kill the jackal!
The magic dart hits the jackal.
You kill the jackal!
Your Conjurations skill increases to level 4!
You can't see any susceptible monsters within range! (Use Z to cast anyway.)
You see here a jackal corpse.
Found an escape hatch in the floor.
You now have 56 gold pieces (gained 9).
Found a stone staircase leading down.
Found 6 stones.
A dart slug comes into view.
A dart slug is nearby!
A dart slug is nearby!
The magic dart hits the dart slug but does no damage.
The magic dart hits the dart slug.
The dart slug is severely wounded.
You miscast Magic Dart.
You are very lightly contaminated with residual magic.
Nothing appears to happen.
The dart slug launches a dart at you. The slug dart hits you.
The magic dart hits the dart slug.
You kill the dart slug!
You can't see any susceptible monsters within range! (Use Z to cast anyway.)
Your magical contamination has completely faded away.
You see here 6 stones.
As you open the door, it creaks loudly!
There is an open door here.
There is an open door here.
You open the door.
There is an open door here.
Found Atzus's Distillery.
A giant cockroach comes into view.
Found a stone staircase leading down.
A hobgoblin and a rat come into view.
The hobgoblin shouts!
The magic dart hits the giant cockroach.
The giant cockroach is severely wounded.
The giant cockroach barely misses you.
You hit the giant cockroach.
You kill the giant cockroach!
You closely miss the hobgoblin.
The hobgoblin hits you but does no damage.
You hit the hobgoblin.
The hobgoblin is severely wounded.
The hobgoblin hits you but does no damage.
You hit the hobgoblin.
You kill the hobgoblin!
You miscast Magic Dart.
You are very lightly contaminated with residual magic.
Nothing appears to happen.
The rat twitches its whiskers.
The rat completely misses you.
The magic dart hits the rat.
You kill the rat!
Your magical contamination has completely faded away.
You see here a hobgoblin corpse.
There is an entrance to Atzus's Distillery here.
You can access your shopping list by pressing '$'.
A bat comes into view.
A bat is nearby!
A bat is nearby!
The magic dart hits the bat.
You kill the bat!
You open the door.
There is an open door here.
There is an open door here.
There is a stone staircase leading down here.
Found a long sword.
You see here a +0 long sword.
You open the door.
A goblin and a frilled lizard come into view.
There are monsters nearby!
The magic dart hits the frilled lizard.
The frilled lizard is heavily wounded.
The frilled lizard hisses angrily.
The frilled lizard unfolds its giant frill.
You miscast Magic Dart.
You are very lightly contaminated with residual magic.
Nothing appears to happen.
The magic dart hits the frilled lizard.
You kill the frilled lizard!
The magic dart hits the goblin.
The goblin is moderately wounded.
An adder comes into view.
The magic dart hits the goblin.
The goblin is severely wounded.
The adder hisses angrily.
You close the door.
Your magical contamination has completely faded away.
A goblin opens the door.
Aiming: Magic Dart (safe; 3% risk of failure)
Press: ? - help, Q - select action, (/) - cycle Shift-Dir - straight line, f - adder
Aim: an adder (100% to hit)
The magic dart hits the adder.
The adder is lightly wounded.
Aiming: Magic Dart (safe; 3% risk of failure)
Press: ? - help, Q - select action, (/) - cycle Shift-Dir - straight line, f/p - adder
Aim: an adder (lightly wounded, 100% to hit)
The magic dart hits the adder.
The adder is severely wounded.
The adder bites you but does no damage.
The magic dart hits the adder.
You kill the adder!
* * * LOW MAGIC WARNING * * *
The magic dart hits the goblin.
The goblin is almost dead.
* * * LOW MAGIC WARNING * * *
A goblin is nearby!
You barely miss the goblin.
The goblin is almost dead.
The goblin hits you but does no damage.
You hit the goblin.
You kill the goblin!
No target in view!
You see here a +0 dagger.
There is an open door here.
You open the door.
There is an open door here.
There is an open door here.
There is an open door here.
Key pressed, stopping explore.
Done exploring.
Done exploring.
Done exploring.
Done exploring.
(D) Dungeon
Where to? (Enter - D:2, ? - help)
There is an open door here.
There is a stone staircase leading down here.
You climb downwards.
Found 2 scrolls labelled CAXOIPH NALLEUQAJ and 15 gold pieces.
Found a stone staircase leading down.
There is a stone staircase leading up here.
Unknown command.
Unknown command.
o - 4 scrolls labelled CAXOIPH NALLEUQAJ (gained 2)
A quokka comes into view.
Found a stone staircase leading down.
You see here 15 gold pieces.
A quokka is nearby!
The magic dart hits the quokka.
The quokka is almost dead.
The magic dart hits the quokka.
You kill the quokka!
Magic restored.
You now have enough gold to buy 2 potions of curing on D:2.
You can access your shopping list by pressing '$'.
You now have 71 gold pieces (gained 15).
Found 9 stones.
Found a scale mail.
A hobgoblin comes into view.
Found a scroll labelled CAXOIPH NALLEUQAJ.
The hobgoblin shouts!
A hobgoblin is nearby!
The magic dart hits the hobgoblin but does no damage.
The magic dart hits the hobgoblin but does no damage.
The magic dart hits the hobgoblin.
The hobgoblin is almost dead.
The magic dart hits the hobgoblin.
You kill the hobgoblin!
A bat comes into view.
A bat is nearby!
A bat is nearby!
The magic dart hits the bat.
The bat is severely wounded.
The magic dart hits the bat.
You kill the bat!
A ball python comes into view.
A ball python is nearby!
A ball python is nearby!
The magic dart hits the ball python.
The ball python is moderately wounded.
A giant cockroach comes into view.
There is a stone staircase leading down here.
The ball python attacks as you move away!
The ball python misses you. The ball python closely misses you.
There is a stone staircase leading up here.
The magic dart hits the ball python.
You kill the ball python!
You can't see any susceptible monsters within range! (Use Z to cast anyway.)
Found an escape hatch in the floor.
The magic dart hits the giant cockroach.
You kill the giant cockroach!
o - 5 scrolls labelled CAXOIPH NALLEUQAJ (gained 1)
Found an escape hatch in the ceiling.
You now have enough gold to buy a potion of mutation on D:2.
You can access your shopping list by pressing '$'.
You now have 80 gold pieces (gained 9).
s - a pink potion An orc comes into view.
It is wielding a +0 short sword.
The orc shouts!
An orc is nearby!
An orc is nearby!
The magic dart hits the orc.
The orc is severely wounded.
The magic dart hits the orc.
The orc is almost dead.
The magic dart hits the orc.
You kill the orc!
An endoplasm comes into view.
An endoplasm is nearby!
An endoplasm is nearby!
The magic dart hits the endoplasm.
The endoplasm is almost dead.
The magic dart hits the endoplasm.
You kill the endoplasm!
You see here a +0 short sword.
d - 5 murky brown potions (gained 1)
A rat comes into view.
A rat is nearby!
A rat is nearby!
The magic dart hits the rat.
You kill the rat!
A hobgoblin comes into view.
A hobgoblin is nearby!
The magic dart hits the hobgoblin.
The hobgoblin is heavily wounded.
The magic dart hits the hobgoblin.
You kill the hobgoblin!
There is an escape hatch in the floor here.
You see here a giant cockroach corpse.
Found 8 stones.
Found a stone staircase leading down.
g - 2 golden potions (gained 1)
There is a stone staircase leading down here.
You now have 94 gold pieces (gained 14).
Found a stone staircase leading up.
You drop a staff of air.
Grinder comes into view.
Grinder shouts!
You hear a bark! x2
A jackal comes into view.
Grinder gestures at you. You resist with significant effort.
You hear a shout! x2
There are monsters nearby!
There are monsters nearby!
You hear a shout!
There is a stone staircase leading up here.
You climb upwards.
There is a stone staircase leading down here.
There is an open door here.
There is a stone staircase leading down here.
You climb downwards.
Level annotation: Grinder The orc shouts!
Found 7 stones.
There is a stone staircase leading up here.
The magic dart hits the orc.
The orc is moderately wounded.
The magic dart hits the orc.
You kill the orc!
You can't see any susceptible monsters within range! (Use Z to cast anyway.) Magic restored.
You open the door.
There is an open door here.
There is a fountain of clear blue water here.
You open the door.
There is an open door here.
There is an open door here.
There is a fountain of clear blue water here.
You open the door.
There is an open door here.
Found a whip.
A giant cockroach comes into view.
The magic dart hits the giant cockroach but does no damage.
A giant cockroach is nearby!
The magic dart hits the giant cockroach but does no damage.
The magic dart hits the giant cockroach.
The giant cockroach is severely wounded.
The magic dart hits the giant cockroach but does no damage.
The giant cockroach is severely wounded.
The magic dart hits the giant cockroach.
You kill the giant cockroach!
A jackal comes into view.
The magic dart hits the jackal.
The jackal is moderately wounded.
The jackal barks!
You hear a bark!
You hear a shout!
The magic dart hits the jackal.
The jackal is almost dead.
The magic dart hits the jackal.
You kill the jackal!
There is an open door here.
You close the door.
There is a fountain of sparkling water here.
There is an open door here.
There is a stone staircase leading up here.
There is an open door here.
There is a fountain of clear blue water here.
You open the door.
A quokka comes into view.
The magic dart hits the quokka.
The quokka is moderately wounded.
A gnoll comes into view. It is wielding a +0 halberd.
The gnoll shouts!
You hear a shout! x2; You hear a bark!
There is an open door here.
There is a stone staircase leading up here.
The magic dart hits the gnoll but does no damage.
The magic dart hits the gnoll.
The gnoll is moderately wounded.
The gnoll hits you from afar with a +0 halberd!
The gnoll completely misses you. The quokka barely misses you.
You climb upwards.
There is a stone staircase leading down here.
You start resting.
Magic restored.
Unknown command.
There is an open door here.
There is a stone staircase leading down here.
You start resting.
HP restored.
You climb downwards.
Level annotation: Grinder Grinder hits you but does no damage.
Grinder misses you.
There is a stone staircase leading up here.
Unknown command.
Grinder hits you.
You writhe in agony.
You climb upwards.
There is a stone staircase leading down here.
Unknown command.
Unknown command.
Casting: Magic Dart (safe; 3% risk of failure)
Confirm with . or Enter, or press ? or * to list all spells.
You blink.
Unknown command.
Okay, then.
Okay, then.
It was a potion of might.
You feel very mighty all of a sudden. Grinder hits you.
You writhe in agony.
It was a potion of ambrosia.
You are confused.
You feel invigorated. Grinder hits you but does no damage.
You hit Grinder.
Grinder is lightly wounded.
Grinder hits you but does no damage. Grinder attacks as you move away!
Grinder hits you.
You writhe in agony.
You feel stable enough to blink again. Grinder gestures at you.
You resist with significant effort.
You feel less invigorated.
You feel less confused. Grinder gestures at you.
You resist with significant effort. Grinder gestures at you.
Pain shoots through your body!
There is an open door here.
Grinder gestures at you. You resist with significant effort.
Grinder gestures at you. You resist with significant effort.
Grinder blinks!
Press: ? - help, . - travel You can't see that place. [a stone staircase leading down.] Unknown command.
Unknown command.
Unknown command.
Unknown command.
Unknown command.
Unknown command.
Unknown command.
Unknown command.
Unknown command.
Casting: Blink (safe; 19% risk of failure)
Confirm with . or Enter, or press ? or * to list all spells.
You miscast Blink.
You are very lightly contaminated with residual magic.
Nothing appears to happen.
Grinder closely misses you.
Casting: Blink (safe; 19% risk of failure)
Confirm with . or Enter, or press ? or * to list all spells.
You blink.
Grinder gestures at you. Pain shoots through your body!
There is an open door here.
You feel stable enough to blink again.
Your magical contamination has completely faded away.
Grinder says, "Don't move a muscle."
Grinder gestures at you.
You suddenly lose the ability to move!
Grinder hits you but does no damage. Grinder hits you.
You writhe in agony.
* * * LOW HITPOINT WARNING * * *
You can move again.
Unknown command.
Unknown command.
Unknown command.
Casting: Blink (safe; 19% risk of failure)
Confirm with . or Enter, or press ? or * to list all spells.
You miscast Blink.
You are very lightly contaminated with residual magic.
Nothing appears to happen.
Grinder gestures at you. You resist with significant effort.
Casting: Blink (safe; 19% risk of failure)
Confirm with . or Enter, or press ? or * to list all spells.
You blink.
* * * LOW MAGIC WARNING * * *
There is a stone staircase leading down here.
Grinder gestures at you. Pain shoots through your body!
You die...

#..###.##.##....# #.
#......##.###.#.# #.
##.######.......# #. #.#
#####.### #. #.# ##'## ##
#†##### ##...## # #.....#
##.....## ####
##.##.###.......## ##.##
##...#.##@...5....####...#
#........>........'.......
##...#.##.(.......####...#
##..#.###.......## ##.##
##...# #......## ###.
#..####.#...## #.
#.......##'## #.
##.#######.# #. #.# ##.#
#.


You could see Grinder.

Vanquished Creatures
  3 adders (D:2)
  3 worms (D:2)
  2 dart slugs (D:2)
  2 orcs (D:3)
  6 ball pythons
  10 bats
  4 endoplasms
  4 giant cockroaches
  5 goblins
  6 hobgoblins
  6 jackals
  2 kobolds
  2 quokkas
  4 frilled lizards
  3 rats
62 creatures vanquished.

Notes
Turn   | Place    | Note
-------+----------+-------------------------------------------
     0 | D:1      | sleeves the Draconian Hedge Wizard began the quest for the
                  | Orb.
     0 | D:1      | Reached XP level 1. HP: 14/14 MP: 4/4
   366 | D:1      | Reached skill level 2 in Conjurations
   430 | D:1      | Reached XP level 2. HP: 20/20 MP: 1/6
   495 | D:1      | sleeves: huge book
  1171 | D:1      | You fall into a shaft and drop 1 floor!
  1245 | D:2      | Reached skill level 3 in Conjurations
  1338 | D:2      | Reached XP level 3. HP: 26/26 MP: 7/7
  2281 | D:2      | sleeves: uh okay
  2281 | D:2      | sleeves: every cj spell i could need
  2284 | D:2      | Learned a level 2 spell: Blink
  2288 | D:2      | Learned a level 3 spell: Stone Arrow
  2449 | D:2      | Reached XP level 4. HP: 23/33 MP: 1/8
  2454 | D:2      | HP: 16/33 [poisoned by an adder]
  2663 | D:2      | Reached skill level 4 in Conjurations
  2773 | D:2      | Found Atzus's Distillery.
  3459 | D:3      | Noticed Grinder
  3664 | D:2      | CougarLife: what book did you get i missed it
  3724 | D:3      | CougarLife: oh geez
  3724 | D:3      | CougarLife: thats grinder
  3724 | D:3      | CougarLife: gl chief
  3727 | D:2      | CougarLife: youre fucked
  3727 | D:2      | sleeves: nice
  3727 | D:2      | sleeves: yea
  3727 | D:2      | CougarLife: you better pray to fucking god he doesnt
                  | paralyze you
  3729 | D:2      | CougarLife: oh no
  3729 | D:2      | sleeves: yeah im just praying
  3745 | D:2      | sleeves: okay
  3745 | D:2      | CougarLife: youve resisted so much lol
  3745 | D:2      | sleeves: epic blink
  3745 | D:2      | sleeves: he blinked on my face
  3746 | D:2      | CougarLife: i noticed
  3753 | D:2      | Paralysed by Grinder for 5 turns
  3757 | D:2      | HP: 14/33 [Grinder (5)]
  3762 | D:2      | Killed from afar by Grinder

Illustrated notes

Levels and vault maps discovered:
D:1:      ncdulo_smallfort, layout_basic, minmay_misc_feat_cross,
          kennysheep_crisscross, minmay_misc_feat_room
D:2:      layout_loops_corners, serial_shops,
          nicolae_shop_competitors_out_of_business
D:3:      layout_rooms, minmay_fountain_box, uniq_grinder

Skill      XL: |  1  2  3  4 |
---------------+-------------+-----
Conjurations   | 2 3 4 |  4.5
Dodging        | |  1.7
Stealth        | |  1.7
Spellcasting   | |  3.0
Summonings     | |  1.0
Translocations | |  1.0

Action                   |  1- 3 |  4- 6 || total
-------------------------+-------+-------++-------
Melee: Dagger            |    24 |     7 ||    31
       Tailslap          |     5 |       ||     5
       Punch             |     1 |       ||     1
 Cast: Magic Dart        |   100 |    53 ||   153
       Blink             |       |     3 ||     3
  Use: Potion            |       |     2 ||     2
 Stab: Sleeping          |     2 |       ||     2
Armor: Skin              |     9 |     9 ||    18
Dodge: Dodged            |    17 |     8 ||    25
